 Dungeon Crawl Stone Soup version 0.31.0-11-ge490571c62 (webtiles) character file.

Game seed: 15374578330826163

96 mdonais the Sneak (level 4, 0/29 HPs)
             Began as an Octopode Reaver on Feb 3, 2024.
             Slain by an orc priest
             ... wielding a +0 mace
              (9 damage)
             ... on level 4 of the Dungeon.
             The game lasted 00:10:17 (2687 turns).

mdonais the Sneak (Octopode Reaver)                 Turns: 2687, Time: 00:10:17

Health: 0/29       AC:  1    Str: 11    XL:     4   Next: 67%
Magic:  7/7        EV: 13    Int: 17    God:
Gold:   44         SH:  0    Dex: 10    Spells: 4/7 levels left

rFire   . . .        i - +2 dagger (venom)
rCold   . . .        (no shield)
rNeg    . . .        (helmet restricted)
rPois   .            (no amulet)
rElec   .            (no ring)
rCorr   .            (no ring)
SInv    .            (no ring)
Will    .....        (no ring)
Stlth   +++          (no ring)
HPRegen 0.24/turn    (no ring)
MPRegen 0.10/turn    (no ring)
                     (no ring)

%: no passive effects
@: no status effects
A: almost no armour, amphibious, 8 rings, camouflage 1, gelatinous body 1,
(nimble swimmer 1), tentacles
a: no special abilities


You were on level 4 of the Dungeon.
You visited 1 branch of the dungeon, and saw 4 of its levels.

You collected 180 gold pieces.
You spent 136 gold pieces at shops.

Inventory:

Hand Weapons
 e - the +1 dagger of Indomitability {drain, rF+}
   (You found it on level 2 of the Dungeon)

   rF+:       It protects you from fire.
 h - a +0 short sword
   (You took it off a kobold on level 1 of the Dungeon)
 i - a +2 dagger of venom (weapon)
   (You took it off a kobold on level 1 of the Dungeon)
 s - a +0 rapier
   (You found it on level 3 of the Dungeon)
Missiles
 o - 2 poisoned darts
 v - 6 javelins
 G - 2 datura-tipped darts (quivered)
Armour
 r - a +0 buckler
   (You found it on level 3 of the Dungeon)
Talismans
 d - a serpent talisman
   (You found it on level 2 of the Dungeon)
 k - a flux talisman
   (You found it on level 1 of the Dungeon)
 l - a maw talisman
   (You found it on level 1 of the Dungeon)
Scrolls
 f - a scroll of vulnerability {unknown}
 g - 2 scrolls of teleportation {unknown}
 j - a scroll of torment {unknown}
 n - a scroll of revelation {unknown}
 p - a scroll of noise {unknown}
 q - a scroll of butterflies {unknown}
 B - 2 scrolls of blinking
Potions
 a - a potion of attraction {unknown}
 b - 2 potions of lignification
 c - 2 potions of cancellation {unknown}
 m - a potion of heal wounds
 Q - 4 potions of curing


   Skills:
 + Level 2.2 Fighting
 * Level 1.5 Short Blades
 - Level 2.0 Dodging
 + Level 3.5 Stealth
 - Level 3.0 Unarmed Combat
 - Level 2.0 Spellcasting
 + Level 3.2 Conjurations
 - Level 2.0 Translocations


You had 4 spell levels left.
You knew the following spells:

 Your Spells              Type           Power      Damage    Failure   Level
a - Kiss of Death         Conj/Necr      28%        2d7       10%         1
b - Momentum Strike       Conj/Tloc      20%        3d8       10%         2

Your spell library contained the following spells:

 Spells                   Type           Power      Damage    Failure   Level
 Hailstorm                Conj/Ice       7%         3d5       30%         3
 Inner Flame              Hex/Fire       1%         N/A       50%         3
 Flame Wave               Conj/Fire      7%         2d5       69%         4
 Sticky Flame             Fire/Alch      1%         2d4       88%         4


Dungeon Overview and Level Annotations

Branches:
Dungeon (4/15) Zot: 21308
 Temple: D:4-7

Altars:
Ashenzari
Cheibriados
Elyvilon

Shops:
D:1 (*(!:


Innate Abilities, Weirdness & Mutations

You cannot wear most types of armour.
You are amphibious.
You can wear up to eight rings at the same time.
Your skin changes colour to match your surroundings (Stealth+).
Your rubbery body absorbs attacks. (AC +1, EV +1)
((You are camouflaged when in or above water. (Stealth+)))
You have tentacles for arms and can constrict up to eight enemies at once.


Message History

Press: ? - help, Q - select action, (/) - cycle Shift-Dir - straight line, f - adder
Aim: an adder (asleep, 98% to hit)
You throw a javelin. The javelin pierces through the adder!
You kill the adder!
v - 6 javelins (gained 1)
You see here an adder corpse.
You see here an adder corpse.
There is an open door here.
You open the door. You open the door.
There is an open door here.
Found a robe.
You now have enough gold to buy a potion of brilliance on D:1.
You can access your shopping list by pressing '$'.
You now have 44 gold pieces (gained 11).
Found a buckler.
You see here a +0 buckler.
r - a +0 buckler
Found a stone staircase leading up.
G - 3 datura-tipped darts
There is a stone staircase leading up here.
The orc shouts! x2
A bat comes into view.
The bat barely misses you.
No target in view!
The bat misses you. The bat hits you.
You take 1 damage, and have 28/29 hp.
The bat closely misses you. The bat closely misses you.
You hit the bat.
You kill the bat!
Health restored: 29 No target in view!
Found a rapier.
You see here a +0 rapier.
s - a +0 rapier As you open the door, it creaks loudly!
There is an open door here.
You open the door.
There is an open door here.
An adder comes into view.
The helpless adder fails to defend itself.
You puncture the adder!
You kill the adder!
Found 8 stones.
A frilled lizard comes into view.
An endoplasm comes into view.
You barely miss the endoplasm.
The endoplasm quivers.
The endoplasm misses you.
The frilled lizard hisses angrily.
You hit the endoplasm but do no damage. Your squeeze misses the endoplasm.
The endoplasm freezes you.
You are frozen.
You take 4 damage, and have 25/29 hp.
You hit the endoplasm.
The endoplasm is moderately wounded.
The endoplasm misses you.
You hit the endoplasm.
You kill the endoplasm!
The frilled lizard closely misses you.
You see here 8 stones.
You hit the frilled lizard.
You kill the frilled lizard!
No target in view!
You open the door.
There is an open door here.
You open the door.
There is an open door here.
A ball python comes into view.
The ball python hisses angrily.
Health restored: 29 A ball python is nearby!
You hit the ball python.
The ball python is poisoned.
You grab the ball python. Your squeeze misses the ball python.
The ball python is heavily wounded.
You constrict the ball python, but do no damage.
The ball python bites you. The ball python barely misses you.
You hit the ball python.
You kill the ball python!
No target in view!
No target in view!
No target in view!
You see here a ball python corpse.
Found a scale mail.
A quokka comes into view.
Found a white marble altar of Elyvilon.
You hit the quokka.
You kill the quokka!
No target in view!
There is an open door here.
There is an open door here.
Found an escape hatch in the ceiling.
There is an escape hatch in the ceiling here.
You see here 8 stones.
Done exploring.
Done exploring.
Done exploring.
Search for what [Enter for "."]? .
Unknown command.
You see here 2 stones.
There is an open door here.
There is an open door here.
There is a stone staircase leading down here.
You climb downwards.
Found 8 stones and a potion of heal wounds.
Found a stone staircase leading up.
There is a stone staircase leading up here.
There are monsters nearby!
Throw: 3 darts (datura)
Press: ? - help, Q - select action, (/) - cycle Shift-Dir - straight line, f - orc priest
Aim: an orc priest, wielding a +0 mace (asleep, 98% to hit, chance to frenzy on hit: 83%)
You throw a datura-tipped dart.
The datura-tipped dart hits the orc priest.
The orc priest flies into a frenzy!
The orc priest shouts!
The orc shouts!
You hear a shout!
The orc priest barely misses the orc.
The orc priest misses the orc priest.
A kobold comes into view. It is wielding a +0 club.
You hear a howl!
The kobold shouts!
You hear a shout! x2
The orc priest barely misses the orc.
The orc priest hits the orc priest with a +0 mace.
The orc priest hits the orc priest with a +0 short sword.
You climb upwards.
There is a stone staircase leading down here.
There is a stone staircase leading down here.
You climb downwards.
The orc priest hits the kobold with a +0 mace!
The kobold dies!
Found an escape hatch in the floor.
There is a stone staircase leading up here.
The orc priest hits the orc with a +0 mace!
The orc dies!
The howler monkey hoots and howls with incredible vigour!
You hear a shout!
You hear an angry hiss.
You hear a shout!
You hear an angry hiss.
You hear a shout! x4
The orc misses you.
You climb upwards.
There is a stone staircase leading down here.
You hit the orc.
The orc is poisoned.
You grab the orc. You squeeze the orc.
You kill the orc!
Unknown command.
There is a stone staircase leading down here.
You climb downwards.
The orc priest hits you with a +0 mace! The orc priest closely misses you.
The howler monkey hoots and howls with incredible vigour!
There is a stone staircase leading up, spattered with blood here.
You take 11 damage, and have 18/29 hp.
MASSIVE DAMAGE!!
The orc priest hits you with a +0 mace! x2
You die...

# .. ... . # ## ....
.(.#.#.## .....
........#......
.......@)........#
........o#.......
.......S.........
..........o.##..### #
...##..O......>.#.#.#
.. #.....o......... .
#..(.##..h...#
..!.......<.#
........##


You could see an ogre, a howler monkey, an orc priest, an orc, a ball python and
a neutral orc priest (fast, strong, frenzied).

Vanquished Creatures
  4 adders
  A dart slug (D:1)
  An orc (D:3)
  6 bats
  5 endoplasms
  4 giant cockroaches
  5 goblins
  3 hobgoblins
  2 jackals (D:1)
  6 kobolds
  3 quokkas
  4 ball pythons
  3 frilled lizards
  3 rats
50 creatures vanquished.

Vanquished Creatures (collateral kills)
  An orc (D:4)
  A kobold (D:4)
2 creatures vanquished.

Grand Total: 52 creatures vanquished

Notes
Turn   | Place    | Note
-------+----------+-------------------------------------------
     0 | D:1      | mdonais the Octopode Reaver began the quest for the Orb.
     0 | D:1      | Reached XP level 1. HP: 14/14 MP: 3/3
    10 | D:1      | Found Aryskec's Book Shop.
    34 | D:1      | Reached skill level 1 in Stealth
    97 | D:1      | Reached XP level 2. HP: 19/19 MP: 5/5
   100 | D:1      | Learned a level 2 spell: Momentum Strike
   139 | D:1      | Found Gecaf's Distillery.
   299 | D:1      | Found Loonekh's Antique Weapon Shop.
   301 | D:1      | Found Beosef's General Store.
   369 | D:1      | Found Hoodeky's Antique Weapon Shoppe.
   485 | D:1      | Reached skill level 1 in Translocations
   536 | D:1      | Reached XP level 3. HP: 24/24 MP: 1/6
   889 | D:1      | Bought a potion of heal wounds for 50 gold pieces
   917 | D:1      | Bought a potion of lignification for 33 gold pieces
   917 | D:1      | Bought a potion of curing for 33 gold pieces
   945 | D:1      | Bought a scroll of identify for 20 gold pieces
  1226 | D:2      | Identified the +1 dagger of Indomitability {drain, rF+}
  1460 | D:2      | Reached XP level 4. HP: 29/29 MP: 7/7
  1602 | D:2      | Reached skill level 1 in Short Blades
  1730 | D:3      | Found a broken altar of Ashenzari.
  1806 | D:3      | Found a snail-covered altar of Cheibriados.
  2415 | D:3      | Found a white marble altar of Elyvilon.
  2686 | D:4      | Noticed an ogre
  2687 | D:4      | Slain by an orc priest

Illustrated notes

Levels and vault maps discovered:
D:1:      evilmike_arrival_plus, layout_loops_ring, serial_shops, shop,
          nicolae_shop_tiny_waterfront, shop, shop, shop,
          roderic_nine_men_s_morris, minmay_gold_behind_fungi
D:2:      layout_loops_ring
D:3:      layout_loops_corners, nicolae_ashenzari_panopticon,
          lemuel_round_altar, lemuel_coloured_pillars_altar,
          hangedman_abyss_or_decor_lesser_grid
D:4:      layout_cave_pools

Skill      XL: |  1  2  3  4 |
---------------+-------------+-----
Stealth        | 2 3 |  3.5
Translocations | 1 2 |  2.0
Short Blades   | 1 |  1.5
Fighting       | |  2.2
Dodging        | |  2.0
Unarmed Combat | |  3.0
Spellcasting   | |  2.0
Conjurations   | |  3.2

Action                     |  1- 3 |  4- 6 || total
---------------------------+-------+-------++-------
  Melee: Unarmed           |    33 |       ||    33
         Constrict         |    15 |     2 ||    17
         Tentacles         |    16 |     1 ||    17
         Punch             |     1 |       ||     1
         Dagger            |    23 |    17 ||    40
  Throw: Javelin           |     7 |     3 ||    10
         Dart              |       |     1 ||     1
   Cast: Momentum Strike   |     6 |     3 ||     9
    Use: Scroll            |     1 |       ||     1
   Stab: Sleeping          |     9 |     5 ||    14
 Armour: Skin              |    14 |     5 ||    19
  Dodge: Dodged            |    31 |    10 ||    41
